 Dungeon Crawl Stone Soup version 0.17.0-27-g4a3f43e (webtiles) character file.

8141 dvd the Covert (level 11, -4/50 HPs)
             Began as a Spriggan Enchanter on Nov 21, 2015.
             Was an Initiate of Gozag.
             Killed by divine providence
             ... invoked by an orc priest
              (15 damage)
             ... on level 9 of the Dungeon.
             The game lasted 01:04:12 (12695 turns).

dvd the Covert (Spriggan Enchanter)                Turns: 12695, Time: 01:04:13

Health: -4/50      AC:  5    Str:  9    XL:     11   Next: 6%
Magic:  19/26      EV: 24    Int: 20    God:    Gozag
Gold:   1305       SH:  0    Dex: 19    Spells: 6 memorised, 17 levels left

rFire  . . .     SeeInvis +     C - +1 dagger (holy)
rCold  + . .     Clarity  .     m - +1 robe
rNeg   + . .     SustAt   .     (shield restricted)
rPois  .         Gourm    .     L - +1 hat
rElec  .         Spirit   .     x - +0 cloak "Vaes" {rC+ rN+}
rCorr  .         Warding  .     (gloves unavailable)
rMut   .         Stasis   .     (boots unavailable)
MR     +....                    (no amulet)
Stlth  +++++++...               F - +2 ring of dexterity
                                p - +5 ring of strength

@: repel missiles, very quick, somewhat resistant to hostile enchantments,
extremely stealthy
A: unfitting armour, see invisible, herbivore 3, speed 3, slow metabolism 2
a: Potion Petition, Call Merchant, Bribe Branch, Renounce Religion


You were on level 9 of the Dungeon.
You worshipped Gozag.
Gozag was noncommittal.
You were not hungry.

You visited 2 branches of the dungeon, and saw 10 of its levels.
You also visited: Ossuary.

You collected 2077 gold pieces.
You spent 686 gold pieces at shops.
You paid 86 gold pieces to Gozag.

Inventory:

Hand Weapons
 a - a +1 short sword of speed
 b - a +0 shortbow
 c - a +1 dagger of protection
 C - a +1 dagger of holy wrath (weapon)
 J - a +1 short sword of freezing
 N - a +1 dagger of venom
Missiles
 n - 11 sling bullets
 o - 150 arrows
 t - 8 steel tomahawks (quivered)
 v - 8 tomahawks
Armour
 m - a +1 robe (worn)
 q - a +2 buckler
 x - the +0 cloak "Vaes" (worn) {rC+ rN+}
   (You acquired it on level 7 of the Dungeon)

   It protects you from cold.
   It protects you from negative energy.
 L - a +1 hat (worn)
Magical Staves
 w - an uncursed staff of energy
Rods
 y - a +2 rod of clouds (12/12)
   (You found it on level 4 of the Dungeon)
Jewellery
 i - an uncursed ring of flight
 p - a +5 ring of strength (left hand)
 F - a +2 ring of dexterity (right hand)
Wands
 B - a wand of lightning (7)
 D - a wand of teleportation (7)
 E - a wand of flame (19)
 M - a wand of cold (6)
Scrolls
 e - 7 scrolls of remove curse
 f - 4 scrolls of recharging
 h - 3 scrolls of fog
 j - 13 scrolls of identify
 l - 2 scrolls of immolation
 I - a scroll of amnesia
Potions
 g - 2 potions of agility
 k - 10 potions of curing
 u - 3 potions of might
 z - 4 potions of haste
 G - a potion of berserk rage {unknown}
 H - 3 potions of ambrosia
 K - 4 potions of heal wounds
Books
 r - a book of Maledictions

   Spells                             Type                      Level
   a - Corona                         Hexes                        1
   b - Ensorcelled Hibernation        Hexes/Ice                    2
   c - Confuse                        Hexes                        3
   d - Tukima's Dance                 Hexes                        3
   e - Dazzling Spray                 Conjuration/Hexes            3
 A - a book of Minor Magic

   Spells                             Type                      Level
   a - Magic Dart                     Conjuration                  1
   b - Blink                          Translocation                2
   c - Call Imp                       Summoning                    2
   d - Repel Missiles                 Charms/Air                   2
   e - Slow                           Hexes                        2
   f - Conjure Flame                  Conjuration/Fire             3
   g - Mephitic Cloud                 Conjuration/Poison/Air       3
Comestibles
 d - 7 bread rations
 s - 8 fruits
 O - 4 royal jellies


   Skills:
 + Level 2.2 Fighting
 + Level 4.0 Short Blades
 + Level 2.5 Bows
 + Level 7.3 Dodging
 + Level 14.2 Stealth
 + Level 10.7 Spellcasting
 + Level 8.9 Hexes
 + Level 0.4 Charms
 * Level 5.7 Translocations
 + Level 3.4 Ice Magic
 + Level 0.1 Air Magic


You had 17 spell levels left.
You knew the following spells:

 Your Spells              Type           Power        Failure   Level  Hunger
a - Call Imp              Summ           ##......     12%         2    None
b - Ensorcelled Hibernat  Hex/Ice        #####.       1%          2    None
c - Confuse               Hex            #####...     1%          3    None
d - Tukima's Dance        Hex            #####...     1%          3    None
e - Blink                 Tloc           N/A          1%          2    None
f - Repel Missiles        Chrm/Air       ##....       12%         2    None


Dungeon Overview and Level Annotations

Branches:
Dungeon (9/15)             Temple (1/1) D:7             Orc (0/4) D:9
   Lair: D:8-11

Altars:
Ashenzari
Cheibriados
Dithmenos
Elyvilon
Fedhas
Gozag
Kikubaaqudgha
Makhleb
Nemelex Xobeh
Okawaru
Qazlal
Ru
Sif Muna
Trog
Vehumet
Xom
Yredelemnul
Zin
The Shining One
Beogh

Shops:
D:7 !


Innate Abilities, Weirdness & Mutations

You are tiny and cannot use many weapons and most armour.
You have supernaturally acute eyesight.
You are a herbivore.
You cover ground extremely quickly.
You need consume almost no food.


Message History

The orc hits your halberd but does no damage.
Things that are here:
7 gold pieces; a shiny chain mail Your halberd hits the orc!!
The orc dies!
The orc priest calls down the wrath of Beogh upon you.
Something smites you!
Your halberd barely misses the orc wizard.
The orc wizard misses your halberd.
The orc priest invokes the aid of Beogh against you.
Something smites you!
* * * LOW HITPOINT WARNING * * *
The orc wizard closely misses your halberd.
Your halberd hits the orc wizard!
The orc wizard dies!
The orc priest misses your halberd.
The orc priest calls down the wrath of Beogh upon you.
Something smites you!
You die...
Your body crumbles into a pile of gold.

#...........8#o.....
#.......>..o.ooo..oo
#..........)8#.o.o..
#..........8## ..8o.
#........o8## .... $
#.........## ..o $$ #..
#.[...#.#.# .. $$$#..
#.....#..o####################.#
####.....o$(.$.@.>...........#..
##....#########.#.##.........
####.....# #...#...)......
#........# ##..#....).....
#........#########..#..........
#..............................
#####..).#########.............
#.#..# ####)............
######.#..######..[[)..#.<......


You could see 2 orc priests and a friendly halberd.

Vanquished Creatures
  Erolcha (D:9)
  An unseen horror (D:9)
  Pikel (D:5)
  Psyche (D:8)
  Prince Ribbit (D:5)
  A hungry ghost (D:9)
  A hippogriff (D:7)
  Edmund (D:5)
  4 orc warriors (D:6)
  6 ice beasts
  A sky beast (D:6)
  7 centaurs
  4 ogres
  A phantom (D:7)
  3 giant frogs
  A gnoll sergeant (D:6)
  A wyvern zombie (Ossuary)
  A scorpion (D:8)
  7 killer bees
  4 wights
  3 spriggan skeletons (D:9)
  4 bog bodies (Ossuary)
  7 crimson imps
  3 hounds
  9 orc priests
  8 orc wizards
  A centaur zombie (Ossuary)
  6 giant frog zombies (Ossuary)
  A jelly (D:7)
  3 centaur skeletons
  An iguana (D:7)
  5 worker ants
  A killer bee zombie (D:8)
  4 hound zombies
  A hound skeleton (D:4)
  11 mummies
  6 worker ant zombies
  Robin (D:3)
  6 gnolls (D:6)
  10 adders
  3 shadow imps
  3 adder zombies (Ossuary)
  2 oozes
  An adder skeleton (D:6)
  A worm (D:2)
  6 giant geckos
  17 orcs
  2 ball pythons
  3 bats
  11 goblins
  15 hobgoblins
  15 kobolds
  6 giant cockroaches
  2 giant cockroach zombies
  A giant gecko skeleton (D:4)
  5 giant newts
  18 jackals
  A jackal zombie (Ossuary)
  3 quokkas
  2 quokka zombies
  6 rats
  A plant (D:6)
263 creatures vanquished.

Vanquished Creatures (collateral kills)
  A two-headed ogre (D:9)
  An ice beast (D:9)
  2 orc warriors (D:9)
  A centaur (D:7)
  4 ogres
  5 wights
  2 orc wizards
  A hound (D:6)
  2 gnoll shamans (D:6)
  A gnoll (D:6)
  An adder zombie (D:7)
  5 orcs
  2 hobgoblins
  A kobold (D:6)
29 creatures vanquished.

Vanquished Creatures (others)
  A kobold (D:6)
  A bush (D:5)
  A plant (Ossuary)
3 creatures vanquished.

Grand Total: 295 creatures vanquished

Notes
Turn   | Place    | Note
--------------------------------------------------------------
     0 | D:1      | dvd the Spriggan Enchanter began the quest for the Orb.
     0 | D:1      | Reached XP level 1. HP: 9/9 MP: 5/5
   409 | D:1      | Reached XP level 2. HP: 7/13 MP: 3/6
   417 | D:1      | Learned a level 2 spell: Ensorcelled Hibernation
   489 | D:1      | Reached skill level 5 in Stealth
   900 | D:2      | Reached XP level 3. HP: 16/16 MP: 6/8
   905 | D:2      | Learned a level 3 spell: Confuse
  2282 | D:3      | Reached XP level 4. HP: 21/21 MP: 2/10
  3105 | D:3      | You fall through a shaft!
  3123 | D:4      | Reached skill level 6 in Stealth
  3123 | D:4      | Reached skill level 1 in Ice Magic
  3171 | D:4      | Reached XP level 5. HP: 24/24 MP: 8/12
  3277 | D:4      | Noticed an ogre
  3296 | D:4      | Killed an ogre
  3296 | D:4      | Reached XP level 6. HP: 28/28 MP: 10/14
  3330 | D:4      | Learned a level 3 spell: Tukima's Dance
  3491 | D:4      | Learned a level 2 spell: Blink
  3494 | D:4      | Learned a level 2 spell: Repel Missiles
  3693 | D:4      | Reached skill level 7 in Stealth
  3735 | D:4      | Reached skill level 5 in Spellcasting
  4225 | D:4      | Identified a +0 rod of clouds (10/10) (You found it on level 4 of the Dungeon)
  4772 | D:3      | Noticed Robin
  4911 | D:3      | Killed Robin
  5400 | D:5      | Entered Level 5 of the Dungeon
  5417 | D:5      | Noticed Edmund
  5511 | D:5      | Killed Edmund
  5511 | D:5      | Reached skill level 5 in Hexes
  5511 | D:5      | Reached XP level 7. HP: 32/32 MP: 1/17
  6033 | D:5      | Reached skill level 8 in Stealth
  6190 | D:5      | Found a sacrificial altar of Ru.
  6194 | D:5      | Found an ancient bone altar of Kikubaaqudgha.
  6197 | D:5      | Found a shadowy altar of Dithmenos.
  6199 | D:5      | Found a bloodstained altar of Trog.
  6199 | D:5      | Found a glowing golden altar of the Shining One.
  6200 | D:5      | Found an opulent altar of Gozag.
  6204 | D:5      | Found a shattered altar of Ashenzari.
  6252 | D:5      | Became a worshipper of Gozag Ym Sagoz the Greedy
  6328 | D:5      | Noticed Pikel
  6386 | D:5      | Noticed Prince Ribbit
  6401 | D:5      | Reached skill level 1 in Fighting
  6410 | D:5      | Killed Prince Ribbit
  6410 | D:5      | Reached skill level 1 in Bows
  6410 | D:5      | Reached skill level 9 in Stealth
  6410 | D:5      | Reached XP level 8. HP: 14/37 MP: 12/19
  6452 | D:5      | Reached skill level 5 in Dodging
  6662 | D:5      | Killed Pikel
  6662 | D:5      | Reached skill level 10 in Stealth
  7184 | D:6      | Found a sand-covered staircase.
  7192 | Ossuary  | Entered an ossuary
  7216 | Ossuary  | Reached skill level 11 in Stealth
  7230 | Ossuary  | Reached XP level 9. HP: 21/42 MP: 12/22
  8455 | D:6      | Reached skill level 12 in Stealth
  8521 | D:6      | Reached skill level 1 in Translocations
  9053 | D:6      | Learned a level 2 spell: Call Imp
  9157 | D:6      | Reached XP level 10. HP: 46/46 MP: 15/24
  9572 | D:7      | Found a staircase to the Ecumenical Temple.
  9619 | Temple   | Entered the Ecumenical Temple
 10100 | D:7      | Found a blossoming altar of Fedhas.
 10164 | D:7      | Reached skill level 13 in Stealth
 10353 | D:7      | Identified a scroll of acquirement
 10354 | D:7      | Got a slimy cloak
 10365 | D:7      | Identified the +0 cloak "Vaes" {rC+ rN+} (You acquired it on level 7 of the Dungeon)
 10381 | D:7      | Found Qudup's Distillery.
 10386 | D:7      | Bought 2 potions of curing for 84 gold pieces
 10386 | D:7      | Bought a potion of curing for 42 gold pieces
 10386 | D:7      | Bought a potion of haste for 140 gold pieces
 10386 | D:7      | Bought 2 potions of haste for 280 gold pieces
 10386 | D:7      | Bought 2 potions of heal wounds for 140 gold pieces
 10745 | D:8      | Reached skill level 10 in Spellcasting
 10809 | D:8      | Noticed Psyche
 10814 | D:8      | Killed Psyche
 11967 | D:9      | Noticed Erolcha
 11978 | D:9      | Killed Erolcha
 11978 | D:9      | Reached skill level 5 in Translocations
 11990 | D:9      | Reached skill level 14 in Stealth
 12249 | D:9      | Found a staircase to the Orcish Mines.
 12456 | D:9      | Noticed an unseen horror
 12477 | D:9      | Killed an unseen horror
 12477 | D:9      | Reached XP level 11. HP: 40/50 MP: 14/26
 12656 | D:9      | Found a roughly hewn altar of Beogh.
 12695 | D:9      | Killed from afar by an orc priest

Action                   |  1- 3 |  4- 6 |  7- 9 | 10-12 || total
-------------------------+-------+-------+-------+-------++-------
Melee: Dagger            |    69 |    17 |     4 |    29 ||   119
       Short sword       |       |    97 |   331 |   235 ||   663
 Fire: Shortbow          |       |       |    28 |    15 ||    43
Throw: Tomahawk          |       |       |     4 |       ||     4
 Cast: Corona            |    14 |     3 |     2 |       ||    19
       Ensorcelled Hiber |    20 |    59 |    59 |    41 ||   179
       Confuse           |     1 |     7 |    45 |    26 ||    79
       Tukima's Dance    |       |     4 |     8 |    11 ||    23
       Blink             |       |     2 |     3 |     2 ||     7
       Repel Missiles    |       |     1 |     3 |     2 ||     6
       Call Imp          |       |       |       |     2 ||     2
Evoke: Rod               |       |     2 |     1 |       ||     3
       Wand              |       |       |     2 |     3 ||     5
  Use: Scroll            |     1 |     7 |     5 |     5 ||    18
       Potion            |       |     7 |     3 |     3 ||    13
 Stab: Sleeping          |    25 |    40 |    51 |    43 ||   159
       Distracted        |     1 |       |     3 |     2 ||     6
       Confused          |       |     3 |    26 |    18 ||    47
       Invisible         |       |       |     6 |       ||     6
  Eat: Bread ration      |       |     1 |     1 |     1 ||     3
       Pizza             |       |     1 |       |       ||     1
